 Dungeon Crawl Stone Soup version 0.29.0-4-gdea44cf6ec (webtiles) character file.

Game seed: 11949796043940043592

42 qw the Chopper (level 3, -3/21 HPs)
             Began as a Tengu Warper on Aug 28, 2022.
             Slain by Terence
             ... wielding a +0 vorpal falchion
              (6 damage)
             ... on level 2 of the Dungeon.
             The game lasted 00:00:07 (1718 turns).

qw the Chopper (Tengu Warper)                       Turns: 1718, Time: 00:00:08

Health: -3/21      AC:  3    Str: 13    XL:     3   Next: 54%
Magic:  7/7        EV: 12    Int: 13    God:
Gold:   25         SH:  0    Dex: 13    Spells: 6/6 levels left

rFire   . . .      SeeInvis .   Y - +2 hand axe
rCold   . . .      Faith    .   (no shield)
rNeg    . . .      Spirit   .   b - +0 leather armour
rPois   .          Reflect  .   (helmet restricted)
rElec   .          Harm     .   (no cloak)
rCorr   .          Rampage  .   (no gloves)
Will    .....                   (boots unavailable)
Stlth   +.........              (no amulet)
HPRegen 0.07/turn               (no ring)
MPRegen 0.10/turn               (no ring)

@: no status effects
A: beak, talons 3
a: no special abilities


You were on level 2 of the Dungeon.
You visited 1 branch of the dungeon, and saw 2 of its levels.

You collected 25 gold pieces.


Innate Abilities, Weirdness & Mutations

You have a beak for a mouth.
You have claws for feet.


   Skills:
 - Level 2.0 Fighting
 + Level 4.2 Axes
 - Level 1.0 Throwing
 - Level 1.1 Armour
 - Level 2.1 Dodging
 - Level 2.0 Spellcasting
 - Level 2.4 Translocations


You had 6 spell levels left.
You didn't know any spells.
Your spell library contained the following spells:

 Spells                   Type           Power      Damage    Failure   Level
 Blink                    Tloc           14%        N/A       19%         2
 Gell's Gravitas          Tloc           7%         N/A       36%         3
 Lesser Beckoning         Tloc           7%         N/A       36%         3
 Teleport Other           Tloc           7%         N/A       36%         3
 Manifold Assault         Tloc           7%         N/A       98%         5

Inventory:

Hand Weapons
 a - a +0 whip
 Y - a +2 hand axe (weapon)
Armour
 b - a +0 leather armour (worn)
Potions
 e - a potion of curing {unknown}

Dungeon Overview and Level Annotations

Branches:
Dungeon (2/15)

Altars:

Annotations:
D:2 Terence


Message History

1634 ||| Stepping ~*~*~tactically~*~*~ (stealth).
The adder hisses angrily.
There is an open door here.
You hit the endoplasm. You peck the endoplasm.
You kill the endoplasm!
You barely miss the adder. The adder misses you.
You barely miss the adder. The adder bites you but does no damage.
The adder bites you.
You barely miss the adder. The adder misses you.
You hit the adder. You claw the adder.
The adder is severely wounded.
The adder closely misses you. The adder bites you.
You miss the adder. You claw the adder.
You kill the adder!
You start resting.
HP restored.
Terence the Incautious comes into view.
He is wielding a +0 vorpal falchion.
You barely miss Terence. You peck Terence, but do no damage.
Terence barely misses you.
You completely miss Terence. You peck Terence, but do no damage.
Terence misses you.
You hit Terence but do no damage. Terence closely misses you.
You hit Terence but do no damage. Your kick misses Terence.
Terence closely misses you.
You hit Terence. You claw Terence, but do no damage. You peck Terence.
Terence is moderately wounded.
Terence hits you with a +0 vorpal falchion. x2
You hit Terence but do no damage.
Terence is moderately wounded.
Terence hits you with a +0 vorpal falchion.
You hit Terence.
Terence is heavily wounded.
Terence barely misses you.
You hit Terence but do no damage. You peck Terence, but do no damage.
Terence is heavily wounded.
Terence hits you with a +0 vorpal falchion.
You die...

#.......#........#
#.......#........#
####.......#.......)#
...........'........#
...........#........#
...........##.....%.#
.........####.....#.#
.........+.......<#.#
.......@.#####.##...###
......@..# #.####...#
####.....# #.# #.#.#
#.....# #.# #.#.##
.......# #.# #.#...
........# #.# #.####
....###### #.# #.####
.... #.# #..... ######


You could see Terence.

Vanquished Creatures
  An adder (D:2)
  A worm (D:2)
  A dart slug (D:1)
  2 ball pythons (D:1)
  2 endoplasms (D:2)
  2 giant cockroaches (D:1)
  5 goblins (D:1)
  3 hobgoblins
  2 quokkas (D:1)
  4 bats
  A frilled lizard (D:2)
  A rat (D:1)
25 creatures vanquished.

Notes
Turn   | Place    | Note
-------+----------+-------------------------------------------
     0 | D:1      | qw the Tengu Warper began the quest for the Orb.
     0 | D:1      | Reached XP level 1. HP: 12/12 MP: 4/4
     0 | D:1      | 0 ||| qw: Version: 0.1-a-89-g26bdef1
     0 | D:1      | 0 ||| qw: Game counter: 2841
     0 | D:1      | 0 ||| qw: Always use a shield: true
     0 | D:1      | 0 ||| qw: God list: Okawaru
     0 | D:1      | 0 ||| qw: Allow faded altars: false
     0 | D:1      | 0 ||| qw: Do Orc after D:15 true
     0 | D:1      | 0 ||| qw: Do second Lair branch before Depths: true
     0 | D:1      | 0 ||| qw: Lair rune preference: random
     0 | D:1      | 0 ||| qw: Plans: Normal
     0 | D:1      | 0 ||| PLANNING D:1-11
   174 | D:1      | Reached XP level 2. HP: 15/17 MP: 6/6
   221 | D:1      | Reached skill level 3 in Axes
   375 | D:1      | 375 ||| Stepping ~*~*~tactically~*~*~ (hiding).
   477 | D:1      | 477 ||| Stepping ~*~*~tactically~*~*~ (hiding).
   579 | D:1      | 579 ||| Stepping ~*~*~tactically~*~*~ (hiding).
   991 | D:1      | 991 ||| Stepping ~*~*~tactically~*~*~ (stealth).
  1005 | D:1      | 1005 ||| Stepping ~*~*~tactically~*~*~ (stealth).
  1189 | D:1      | Found a faded altar of an unknown god.
  1359 | D:1      | 1359 ||| READING 2 scrolls labelled BUREET UKKI.
  1360 | D:1      | 1360 ||| READING scroll of enchant weapon.
  1360 | D:1      | 1360 ||| ENCHANTING +1 hand axe.
  1361 | D:1      | 1361 ||| READING scroll labelled ZICHO UJ FOBAWOLL.
  1364 | D:1      | 1364 ||| READING scroll labelled WIDWACH KACSE.
  1365 | D:1      | 1365 ||| DROPPING scroll of blinking.
  1377 | D:2      | Reached XP level 3. HP: 16/21 MP: 7/7
  1377 | D:2      | 1377 ||| STAIRDANCE
  1593 | D:2      | 1593 ||| Stepping ~*~*~tactically~*~*~ (stealth).
  1595 | D:2      | 1595 ||| Stepping ~*~*~tactically~*~*~ (stealth).
  1597 | D:2      | 1597 ||| Stepping ~*~*~tactically~*~*~ (stealth).
  1600 | D:2      | 1600 ||| Stepping ~*~*~tactically~*~*~ (stealth).
  1601 | D:2      | 1601 ||| Stepping ~*~*~tactically~*~*~ (stealth).
  1613 | D:2      | 1613 ||| DROPPING +0 club.
  1621 | D:2      | Reached skill level 4 in Axes
  1629 | D:2      | 1629 ||| Stepping ~*~*~tactically~*~*~ (stealth).
  1631 | D:2      | 1631 ||| Stepping ~*~*~tactically~*~*~ (stealth).
  1634 | D:2      | 1634 ||| Stepping ~*~*~tactically~*~*~ (stealth).
  1705 | D:2      | Noticed Terence
  1716 | D:2      | HP: 5/21 [Terence/+0 vorpal falchion (5)]
  1718 | D:2      | Slain by Terence

Levels and vault maps discovered:
D:1:      eino_arrival_cavern_b, layout_loops_cross,
          dilly_ecumenical_altar_fadedgnrine, hangedman_decor_points
D:2:      layout_basic, serial_shops, nicolae_shop_trees, uniq_terence

Skill      XL: |  1  2  3 |
---------------+----------+-----
Axes           | 3 4 |  4.2
Fighting       | |  2.0
Throwing       | |  1.0
Armour         | |  1.1
Dodging        | |  2.1
Spellcasting   | |  2.0
Translocations | |  2.4

Action                   || total
-------------------------++-------
Melee: Hand axe          ||    60
       Kick              ||    13
       Punch             ||     1
       Peck              ||    11
Throw: Boomerang         ||     7
  Use: Scroll            ||     4
 Stab: Sleeping          ||     1
Armor: Leather armour    ||    12
Dodge: Dodged            ||    25

Table legend:
 A = Non-vault XP
 B = Vault XP
 C = Vault XP percentage of total XP
 D = Non-vault monster count
 E = Vault monster count
 F = Vault count percentage of total count
                 A         B        C        D         E       F
            +---------+---------+-------+---------+---------+-------
      Total |      60 |       0 |   0.0 |      25 |       0 |   0.0
            +---------+---------+-------+---------+---------+-------
        D:1 |      33 |       0 |   0.0 |      18 |       0 |   0.0
        D:2 |      27 |       0 |   0.0 |       7 |       0 |   0.0
            +---------+---------+-------+---------+---------+-------
